 Dungeon Crawl Stone Soup version 0.31.0-11-ge490571c62 (webtiles) character file.

Game seed: 6683786120087407164

153 qw the Skirmisher (level 5, -2/29 HPs)
             Began as a Deep Elf Hunter on Feb 4, 2024.
             Slain by an adder (3 damage)
             ... on level 3 of the Dungeon.
             The game lasted 00:00:07 (1687 turns).

qw the Skirmisher (Deep Elf Hunter)                 Turns: 1687, Time: 00:00:08

Health: -2/29      AC:  4    Str: 10    XL:     5   Next: 12%
Magic:  7/7        EV: 13    Int: 17    God:
Gold:   79         SH:  0    Dex: 18    Spells: 4/4 levels left

rFire   + . .        a - +2 shortbow
rCold   . . .        (shield currently unavailable)
rNeg    . . .        j - +2 robe "Luval" {+Blink rF+ Int+3}
rPois   .            (no helmet)
rElec   .            (no cloak)
rCorr   .            (no gloves)
SInv    .            (no boots)
Will    .....        e - amulet of the acrobat
Stlth   ++           (no ring)
HPRegen 0.24/turn    (no ring)
MPRegen 0.10/turn

%: acrobat
@: slowed, very slow
A: no striking features
a: Evoke Blink


You were on level 3 of the Dungeon.
You visited 1 branch of the dungeon, and saw 3 of its levels.

You collected 153 gold pieces.
You spent 74 gold pieces at shops.


   Skills:
 - Level 1.5 Fighting
 + Level 8.3 Ranged Weapons
 - Level 3.0 Dodging
 - Level 1.2 Stealth


You had 4 spell levels left.
You didn't know any spells.
Your spell library was empty.

Inventory:

Hand Weapons
 a - a +2 shortbow (weapon)
Armour
 c - a +2 robe of fire resistance
 h - a +0 scale mail
 j - the +2 robe "Luval" (worn) {+Blink rF+ Int+3}
   (You found it on level 2 of the Dungeon)

   Int+3:     It affects your intelligence (+3).
   rF+:       It protects you from fire.
   +Blink:    It lets you blink.
 o - a +0 ring mail
 p - a +1 pair of gloves
Jewellery
 e - an amulet of the acrobat (around neck)
Scrolls
 g - a scroll of identify
 q - a scroll of fog {unknown}
Potions
 b - a potion of might
 d - 2 potions of curing
 i - a potion of attraction {unknown}
 k - a potion of lignification {unknown}
 l - a potion of cancellation {unknown}
 m - a potion of enlightenment {unknown}
 n - a potion of haste {unknown}

Dungeon Overview and Level Annotations

Branches:
Dungeon (3/15)

Altars:

Shops:
D:3 [[

Annotations:
D:3 Natasha


Message History

You shoot an arrow. The arrow hits Terence.
Terence is severely wounded.
Terence hits you with a +0 flail.
You shoot an arrow. The arrow hits Terence.
Terence is almost dead.
Terence misses you.
Natasha, Servant of Life and Death comes into view.
You shoot an arrow. The arrow hits Terence.
Terence is almost dead.
Terence hits you with a +0 flail.
You shoot an arrow. The arrow completely misses Terence.
The arrow barely misses the bat.
Terence completely misses you.
You shoot an arrow. The arrow closely misses Terence.
The arrow hits the bat.
You kill the bat!
Terence hits you with a +0 flail!
1681 ||| READING scroll of teleportation.
As you read the scroll of teleportation, it crumbles to dust.
You feel strangely unstable. Terence barely misses you.
You shoot an arrow. The arrow hits Terence.
You kill Terence!
Natasha stares at you and mumbles some strange words.
You feel yourself slow down.
You have reached level 5!
You shoot an arrow. The arrow hits Natasha.
Natasha is lightly wounded.
Your surroundings suddenly seem different.
An adder comes into view.
The adder hisses angrily.
The adder bites you but does no damage.
You shoot an arrow. The arrow closely misses the adder.
The adder barely misses you. The adder closely misses you.
You shoot an arrow. The arrow barely misses the adder.
The adder misses you. x2
You shoot an arrow. The arrow closely misses the adder.
The adder barely misses you. The adder bites you.
You shoot an arrow. The arrow closely misses the adder.
The adder bites you. x2
You die...

#.#.# #
#.##..##.##.......
. .... .# ...
#.#...##.##.......
.....##.# ..
#.##..##.##.......
.#..... ..
###)..#####.##....
..... . #.
#.....###..##....
.h. #.##..
#......#...######
#)#
#.....###....###..#
# #.#
+......#......#...#
# #.#
#.....S@..........#
# #.#
#......####.......#
# #.#####.....#
##......# #
#....##.....
#......# #
####.######
#......###### #..#
#............ ##.#
#............ #.#
######............
#>##
#.......###.......


You could see an adder.

Vanquished Creatures
  Terence (D:3)
  Natasha (D:3)
  6 adders
  4 dart slugs
  An orc (D:3)
  5 bats
  3 endoplasms
  2 giant cockroaches
  3 goblins
  3 hobgoblins (D:2)
  2 quokkas (D:3)
  5 ball pythons
  2 frilled lizards
  A kobold (D:3)
  3 rats
42 creatures vanquished.

Notes
Turn   | Place    | Note
-------+----------+-------------------------------------------
     0 | D:1      | qw the Deep Elf Hunter began the quest for the Orb.
     0 | D:1      | Reached XP level 1. HP: 12/12 MP: 3/3
     0 | D:1      | 0 ||| qw: Version: 0.3-a-160-g6735b56
     0 | D:1      | 0 ||| qw: Game counter: 4929
     0 | D:1      | 0 ||| qw: Melee chars always use a shield: true
     0 | D:1      | 0 ||| qw: God list: Okawaru
     0 | D:1      | 0 ||| qw: Allow faded altars: false
     0 | D:1      | 0 ||| qw: Do Orc after clearing Dungeon:15 true
     0 | D:1      | 0 ||| qw: Do second Lair branch before Depths: true
     0 | D:1      | 0 ||| qw: Lair rune preference: random
     0 | D:1      | 0 ||| qw: Goals: Normal
     0 | D:1      | 0 ||| PLANNING D:1-11
   105 | D:1      | Found a faded altar of an unknown god.
   134 | D:1      | Reached skill level 6 in Ranged Weapons
   134 | D:1      | Reached XP level 2. HP: 16/16 MP: 4/4
   604 | D:1      | 604 ||| UPGRADING to amulet of the acrobat.
   609 | D:1      | 609 ||| READING 2 scrolls labelled QONALEI LAVVI.
   613 | D:1      | 613 ||| READING 2 scrolls labelled BURO OFIUCK.
   613 | D:1      | 613 ||| ENCHANTING +0 shortbow.
   614 | D:1      | 614 ||| READING scroll of enchant weapon.
   614 | D:1      | 614 ||| ENCHANTING +1 shortbow.
   615 | D:1      | 615 ||| READING scroll labelled YPTINA KETAJIOQ.
   615 | D:1      | 615 ||| IDENTIFYING pink potion
   616 | D:1      | 616 ||| DROPPING scroll of butterflies.
   617 | D:1      | 617 ||| DROPPING potion of degeneration.
   826 | D:2      | Reached XP level 3. HP: 20/20 MP: 5/5
   843 | D:2      | Identified the +2 robe "Luval" {+Blink rF+ Int+3}
  1103 | D:2      | 1103 ||| UPGRADING to +2 robe "Luval" {+Blink rF+ Int+3}.
  1113 | D:2      | 1113 ||| DROPPING +0 leather armour.
  1114 | D:2      | 1114 ||| READING scroll of identify.
  1114 | D:2      | 1114 ||| IDENTIFYING fizzy yellow potion
  1115 | D:2      | 1115 ||| READING scroll labelled TIETIU WUESE.
  1116 | D:2      | 1116 ||| DRINKING 2 metallic ruby potions.
  1118 | D:2      | 1118 ||| Stepping ~*~*~tactically~*~*~ (cloud).
  1218 | D:3      | Found Lomn's Antique Armour Emporium.
  1225 | D:3      | Reached skill level 7 in Ranged Weapons
  1269 | D:3      | 1269 ||| BUYING embroidered robe (74 gold).
  1269 | D:3      | Bought an embroidered robe for 74 gold pieces
  1269 | D:3      | 1269 ||| SHOPLISTING glowing scale mail (140 gold, have
                  | 57).
  1269 | D:3      | 1269 ||| SHOPLISTING helmet (90 gold, have 57).
  1269 | D:3      | 1269 ||| SHOPLISTING ring mail (80 gold, have 57).
  1269 | D:3      | 1269 ||| SHOPLISTING runed helmet (150 gold, have 57).
  1269 | D:3      | 1269 ||| SHOPLISTING scale mail (80 gold, have 57).
  1285 | D:3      | Noticed Natasha
  1290 | D:3      | Killed Natasha
  1291 | D:3      | Reached XP level 4. HP: 18/25 MP: 6/6
  1372 | D:3      | Reached skill level 8 in Ranged Weapons
  1477 | D:3      | Reached skill level 3 in Dodging
  1514 | D:3      | Found Joel Ymokon's Antique Armour Shoppe.
  1517 | D:3      | 1517 ||| SHOPLISTING cloak (108 gold, have 79).
  1517 | D:3      | 1517 ||| SHOPLISTING embroidered robe (88 gold, have 79).
  1517 | D:3      | 1517 ||| SHOPLISTING glowing ring mail (168 gold, have 79).
  1517 | D:3      | 1517 ||| SHOPLISTING jewelled leather armour (168 gold,
                  | have 79).
  1517 | D:3      | 1517 ||| SHOPLISTING pair of glowing boots (180 gold, have
                  | 79).
  1667 | D:3      | Noticed Terence
  1677 | D:3      | Noticed Natasha
  1680 | D:3      | HP: 1/25 [Terence/+0 flail (8)]
  1681 | D:3      | 1681 ||| READING scroll of teleportation.
  1682 | D:3      | Killed Terence
  1683 | D:3      | Reached XP level 5. HP: 2/29 MP: 7/7
  1686 | D:3      | HP: 1/29 [adder (2)]
  1687 | D:3      | Slain by an adder

Levels and vault maps discovered:
D:1:      orjb1_clovarrival, layout_basic, shapermc_ecumenical_altar_venn,
          minmay_misc_feat_alley
D:2:      layout_rooms
D:3:      layout_basic, serial_shops, shop, nicolae_shop_real_fake_doors,
          nicolae_half_adder, uniq_terence, uniq_natasha, uniq_grinder

Skill      XL: |  1  2  3  4 |
---------------+-------------+-----
Ranged Weapons | 6 7 8 |  8.3
Dodging        | 3 |  3.0
Fighting       | |  1.5
Stealth        | |  1.2

Action                     |  1- 3 |  4- 6 || total
---------------------------+-------+-------++-------
   Fire: Shortbow          |    87 |    45 ||   132
    Use: Scroll            |     6 |     1 ||     7
         Potion            |     1 |       ||     1
 Armour: Leather armour    |     3 |       ||     3
         Robe              |     3 |    12 ||    15
  Dodge: Dodged            |    12 |    16 ||    28

Table legend:
 A = Non-vault XP
 B = Vault XP
 C = Vault XP percentage of total XP
 D = Non-vault monster count
 E = Vault monster count
 F = Vault count percentage of total count
                 A         B        C        D         E       F
            +---------+---------+-------+---------+---------+-------
      Total |     105 |     114 |  52.1 |      37 |       5 |  11.9
            +---------+---------+-------+---------+---------+-------
        D:1 |      16 |       0 |   0.0 |      11 |       0 |   0.0
        D:2 |      34 |       0 |   0.0 |      11 |       0 |   0.0
        D:3 |      55 |     114 |  67.5 |      15 |       5 |  25.0
            +---------+---------+-------+---------+---------+-------
